 Dungeon Crawl Stone Soup version 0.24.0-1-gfbc8707 (webtiles) character file.

Game seed: 3584360535503838750, levelgen mode: deterministic

4768 gilim the Blocker (level 10, -1/66 HPs)
             Began as a Gargoyle Fighter on Nov 10, 2019.
             Was a Believer of Cheibriados.
             Slain by a yak (6 damage)
             ... on level 8 of the Dungeon.
             The game lasted 00:25:41 (6050 turns).

gilim the Blocker (Gargoyle Fighter)                Turns: 6050, Time: 00:25:41

Health: -1/66      AC: 21    Str: 29    XL:     10   Next: 47%
Magic:  11/11      EV:  7    Int: 16    God:    Cheibriados [**....]
Gold:   231        SH: 13    Dex: 15    Spells: 9/9 levels left

rFire    . . .     SeeInvis +   a - +0 war axe
rCold    + + .     Gourm    .   c - +0 shield
rNeg     + + .     Faith    .   w - +3 plate armour "Ysan" {rC+}
rPois    ∞         Spirit   .   (no helmet)
rElec    +         Reflect  .   E - scarf {rC+ rF+}
rCorr    +         Harm     .   (no gloves)
MR       .....                  (no boots)
Stlth    ..........             (no amulet)
HPRegen  0.21/turn              u - +5 ring of strength
MPRegen  0.12/turn              H - ring "Gibietse" {rF- rN+ rCorr Dex+2 SInv}

@: very slow
A: negative energy resistance 1, electricity resistance, unbreathing,
petrification resistance, rot immunity, AC +7
a: Bend Time, Renounce Religion


You were on level 8 of the Dungeon.
You worshipped Cheibriados.
Cheibriados was pleased with you.
You were not hungry.

You visited 2 branches of the dungeon, and saw 9 of its levels.
You also visited: Ossuary.

You collected 423 gold pieces.
You spent 192 gold pieces at shops.

Inventory:

Hand Weapons
 a - a +0 war axe (weapon)
 t - a +0 flail
 x - a +2 whip of electrocution
Missiles
 o - 4 boomerangs
 q - 18 poisoned darts (quivered)
 r - 8 bolts
Armour
 c - a +0 shield (worn)
 w - the +3 plate armour "Ysan" (worn) {rC+}
   (You found it on level 6 of the Dungeon)

   It protects you from cold.
 E - a scarf of resistance (worn)
Jewellery
 l - an uncursed ring of protection from magic
 p - an uncursed ring of protection from cold
 u - a +5 ring of strength (left hand)
 H - the ring "Gibietse" (right hand) {rF- rN+ rCorr Dex+2 SInv}
   (You found it on level 8 of the Dungeon)

   [ring of resist corrosion]

   It affects your dexterity (+2).
   It makes you vulnerable to fire.
   It protects you from negative energy.
   It lets you see invisible.
   It provides partial protection from all sources of acid and corrosion.
Wands
 b - a wand of flame (25)
 y - a wand of disintegration (12)
Scrolls
 e - 7 scrolls of teleportation
 g - 8 scrolls of identify
 h - a scroll of enchant armour {unknown}
 i - 2 scrolls of magic mapping {unknown}
 j - 6 scrolls of remove curse {unknown}
 m - 2 scrolls of blinking {unknown}
 n - 3 scrolls of amnesia {unknown}
 s - a scroll of noise {unknown}
 v - a scroll of immolation {unknown}
 D - 2 scrolls of brand weapon {unknown}
 F - a scroll of enchant weapon {unknown}
 J - 2 scrolls of vulnerability {unknown}
Potions
 d - 6 potions of might
 k - a potion of degeneration
 z - a potion of agility
 A - a potion of haste {unknown}
 B - a potion of curing
 C - a potion of flight
 G - 2 potions of berserk rage {unknown}
 I - 2 potions of heal wounds
Comestibles
 f - 10 rations


   Skills:
 + Level 9.5 Fighting
 + Level 7.7 Axes
 - Level 3.2 Armour
 + Level 1.5 Dodging
 + Level 10.4 Shields
 + Level 2.2 Invocations


You had 9 spell levels left.
You didn't know any spells.
Your spell library contained the following spells:

 Spells                   Type           Power        Failure   Level  Hunger
 Magic Dart               Conj           #...         99%         1    ##.....
 Searing Ray              Conj           #.....       100%        2    ###....
 Dazzling Spray           Conj/Hex       #.....       100%        3    ####...
 Force Lance              Conj/Tloc      #.......     100%        4    #####..
 Fulminant Prism          Conj/Hex       #.........   100%        4    #####..
 Iskenderun's Mystic Bla  Conj           #.......     100%        4    #####..


Dungeon Overview and Level Annotations

Branches:
Dungeon (8/15)             Temple (1/1) D:7         Ossuary (visited)
   Lair: D:8-11

Altars:
Ashenzari
Cheibriados
Dithmenos
Elyvilon
Fedhas
Gozag
Hepliaklqana
Kikubaaqudgha
Makhleb
Nemelex Xobeh
Okawaru
Qazlal
Ru
Sif Muna
Trog
Uskayaw
Vehumet
Wu Jian
Xom
Yredelemnul
Zin
The Shining One

Shops:
D:4 *

Annotations:
D:4 books


Innate Abilities, Weirdness & Mutations

You are resistant to torment.
Your stone body is resilient. (AC +7)
You are immune to poison.
You resist negative energy. (rN+)
You are resistant to electric shocks. (rElec)
You can survive without breathing.
You are immune to petrification.
You are immune to rotting.


Message History

The crocodile bites you but does no damage.
You block the yak's attack. The porcupine barely misses you.
You block the yak's attack. The yak gores you but does no damage.
The crocodile bites you but does no damage.
You barely miss the yak.
The yak is severely wounded.
You slash the porcupine!
You kill the porcupine!
Cheibriados thoroughly appreciates the change of pace.
Your plate armour "Ysan" prevents you from hitting the yak.
You slash the yak! You barely miss the crocodile. You block the yak's attack.
The yak gores you but does no damage. The yak gores you.
* * * LOW HITPOINT WARNING * * *
The crocodile bites you.
* * * LOW HITPOINT WARNING * * *
You hit the yak.
The yak is severely wounded.
You closely miss the yak. x2; You closely miss the crocodile.
You block the yak's attack. The yak gores you.
You die...

..............
#.............
+.............
+..........P♣.
##...........P.
#...%%.........
##..P..tY.....♣
#......@Y....P. ###
##...%.Y†......
...##..............
....#.....##.......
##.................
#..................
.........†...##....
#..................
##.........#....##


You could see 3 yaks and a crocodile.

Vanquished Creatures
  Pikel (D:6)
  Grinder (D:3)
  Prince Ribbit (D:7)
  A basilisk (D:8)
  2 humans (D:7)
  3 porcupines (D:8)
  An orc warrior (D:8)
  A sky beast (D:5)
  A necrophage (D:7)
  An ice beast (D:6)
  A phantom (D:5)
  4 ogres
  A crocodile (D:8)
  4 bullfrogs
  A gnoll sergeant (D:7)
  An elf zombie (Ossuary)
  A wyvern skeleton (D:8)
  2 scorpions
  9 killer bees
  2 howler monkeys
  4 crimson imps
  A centaur zombie (Ossuary)
  2 human zombies (Ossuary)
  2 hounds (D:5)
  6 orc priests
  2 jellies
  10 orc wizards
  4 iguanas
  4 worker ants
  2 big kobold zombies (Ossuary)
  A hound zombie (D:7)
  A hound skeleton (D:7)
  2 mummies (Ossuary)
  2 worker ant zombies
  4 gnolls (D:7)
  11 adders
  A shadow imp (D:7)
  2 oozes
  An adder zombie (D:7)
  6 worms
  2 dart slugs
  2 leopard geckos
  18 orcs
  9 giant cockroaches
  7 goblins
  3 hobgoblins
  3 jackals
  2 quokkas
  A ball python zombie (D:3)
  11 bats
  8 frilled lizards
  A goblin zombie (Ossuary)
  5 hobgoblin zombies (Ossuary)
  8 kobolds
  13 kobold zombies (Ossuary)
  A leopard gecko skeleton (D:5)
  A leopard gecko zombie (D:6)
  10 orc zombies (Ossuary)
  A quokka zombie (D:8)
  8 rats
  3 rat zombies
224 creatures vanquished.

Vanquished Creatures (others)
  A slave (D:6)
  A centaur (D:6)
  A jelly (D:6)
  A worker ant (D:6)
  A leopard gecko skeleton (D:6)
  A fungus (D:8)
  4 plants (D:8)
10 creatures vanquished.

Grand Total: 234 creatures vanquished

Notes
Turn   | Place    | Note
-------+----------+-------------------------------------------
     0 | D:1      | gilim the Gargoyle Fighter began the quest for the Orb.
     0 | D:1      | Reached XP level 1. HP: 14/14 MP: 1/1
   157 | D:1      | Reached XP level 2. HP: 17/19 MP: 2/2
   748 | D:2      | Reached skill level 4 in Shields
   748 | D:2      | Reached XP level 3. HP: 19/23 MP: 3/3
  1407 | D:3      | Reached XP level 4. HP: 29/29 MP: 4/4
  1423 | D:3      | Noticed Grinder
  1428 | D:3      | Paralysed by Grinder for 3 turns
  1459 | D:3      | Killed Grinder
  1459 | D:3      | Reached skill level 5 in Shields
  1459 | D:3      | Reached XP level 5. HP: 16/34 MP: 5/5
  1459 | D:3      | Reached XP level 6. HP: 18/39 MP: 6/6
  1590 | D:3      | Found a stormy altar of Qazlal.
  1590 | D:3      | Found a blossoming altar of Fedhas.
  1761 | D:3      | Reached skill level 6 in Shields
  2030 | D:4      | Reached skill level 5 in Fighting
  2040 | D:4      | Reached XP level 7. HP: 14/44 MP: 7/7
  2071 | D:4      | HP: 2/44 [something/puff of flame (4)]
  2079 | D:4      | HP: 1/44 [something (3)]
  2098 | D:4      | HP: 2/44 [adder (2)]
  2838 | D:4      | Reached skill level 7 in Shields
  2861 | D:4      | Found Xoakhlet's Assorted Antiques.
  3060 | D:4      | Found a bloodstained altar of Trog.
  3137 | D:5      | Entered Level 5 of the Dungeon
  3345 | D:5      | Reached XP level 8. HP: 36/51 MP: 8/8
  3452 | D:5      | Reached skill level 8 in Shields
  3723 | D:6      | Got a distressingly furry plate armour
  3737 | D:6      | Noticed Pikel
  3762 | D:6      | Killed Pikel
  3762 | D:6      | Reached skill level 5 in Axes
  3762 | D:6      | Reached skill level 9 in Shields
  3762 | D:6      | Reached XP level 9. HP: 45/56 MP: 9/9
  3782 | D:6      | Found a shadowy altar of Dithmenos.
  3807 | D:6      | Identified the +3 plate armour "Ysan" {rC+} (You found it
                  | on level 6 of the Dungeon)
  3918 | D:6      | Found an ancient bone altar of Kikubaaqudgha.
  4026 | D:6      | Found a shimmering altar of Xom.
  4445 | D:7      | Reached skill level 10 in Shields
  4684 | D:4      | Bought an embroidered scarf for 192 gold pieces
  4812 | D:7      | Found a radiant altar of Vehumet.
  5120 | D:7      | Noticed Prince Ribbit
  5149 | D:7      | Killed Prince Ribbit
  5216 | D:7      | Reached XP level 10. HP: 21/65 MP: 10/10
  5232 | D:7      | Found a staircase to the Ecumenical Temple.
  5251 | Temple   | Entered the Ecumenical Temple
  5370 | Temple   | Became a worshipper of Cheibriados the Contemplative
  5429 | D:7      | Found an iron altar of Okawaru.
  5654 | D:8      | Got a glittering iron ring
  5661 | D:8      | Identified the ring "Gibietse" {rF- rN+ rCorr Dex+2 SInv}
                  | (You found it on level 8 of the Dungeon)
  5671 | D:8      | Found a sand-covered staircase.
  5685 | Ossuary  | Entered an ossuary
  5743 | Ossuary  | Reached * piety under Cheibriados
  5972 | D:8      | Reached skill level 1 in Invocations
  5985 | D:8      | Reached skill level 1 in Dodging
  6024 | D:8      | Reached ** piety under Cheibriados
  6050 | D:8      | Slain by a yak

Levels and vault maps discovered:
D:1:      erik_arrival_triangle_medium, layout_loops_ring
D:2:      minmay_alternating_diamond, layout_loops_ring
D:3:      layout_rooms, grunt_temple_overflow_forces_of_nature, first_ration,
          minmay_misc_feat_doors, uniq_grinder
D:4:      cheibrodos_pilgrimage, layout_loops_ring, bloody_trog, serial_shops,
          shop, grunt_ministairs_6, wad_floor_pattern_2, hex_large,
          minmay_diced_spiral
D:5:      layout_basic, minmay_a_box_with_orc_wizards_in_it
D:6:      minmay_evil_eye, layout_cave_pools, nicolae_dithmenos_shadow_blocks,
          old_standard_altar, basic_altar, uniq_pikel
D:7:      layout_loops_ring, vehumet_altar_wand_db,
          minmay_temple_entry_drinking_statues, serial_rivers,
          chequers_serial_rivers_micro_d, chequers_serial_rivers_small_a,
          chequers_serial_rivers_micro_d, chequers_serial_rivers_room_a,
          okawaru_humans, uniq_prince_ribbit1
D:8:      layout_cave_pools, minmay_lair_entry_grove, enter_ossuary_4,
          blue_anna_alchemist [blue_anna_fruit_fields, blue_anna_fruit_fields],
          makhleb_blood_cavern_becter
Temple:   nicolae_temple_elliptical

Skill      XL: |  1  2  3  4  5  6  7  8  9 10 |
---------------+-------------------------------+-----
Axes           | 2 3 4 5 7 |  7.7
Shields        | 4 5 6 7 9 10 | 10.4
Fighting       | 4 5 6 8 9 |  9.5
Invocations    | 2 |  2.2
Dodging        | 1 |  1.5
Armour         | |  3.2

Action                   |  1- 3 |  4- 6 |  7- 9 | 10-12 || total
-------------------------+-------+-------+-------+-------++-------
Melee: War axe           |   191 |   110 |   548 |   199 ||  1048
Throw: Dart              |       |       |     9 |       ||     9
  Use: Potion            |       |     6 |     2 |     1 ||     9
       Scroll            |       |       |     1 |     1 ||     2
  Eat: Chunk             |     2 |     2 |    12 |     3 ||    19
Armor: Scale mail        |   109 |    57 |    27 |       ||   193
       Chain mail        |       |       |   160 |       ||   160
       Plate armour      |       |       |   157 |   109 ||   266
Dodge: Dodged            |    59 |    46 |   127 |    44 ||   276
Block: Shield            |   106 |    80 |   379 |   146 ||   711
